 Dungeon Crawl Stone Soup version 0.31.0-9-g3a7656b989 (webtiles) character file.

Game seed: 12297594768086175867

25229 Amaterasu the Fighter (level 13, -15/102 HPs)
             Began as a Djinni Conjurer on Jan 24, 2024.
             Was a High Priest of Makhleb.
             Shot with an arrow by Nessos (22 damage)
             ... on level 3 of the Lair of Beasts.
             The game lasted 00:50:19 (13827 turns).

Amaterasu the Fighter (Djinni Conjurer)            Turns: 13827, Time: 00:50:20

Health: -15/102    AC:  7    Str: 12    XL:     13   Next: 48%
Gold:   909        EV: 34    Int: 22    God:    Makhleb [*****.] SH:  0 Dex: 13

rFire   + + .        B - +4 trident (drain)
rCold   x . .        (no shield)
rNeg    . . .        t - +0 troll leather armour
rPois   ∞            x - +0 helmet
rElec   .            (no cloak)
rCorr   .            u - +2 pair of gloves
SInv    .            (boots unavailable)
Will    +....        l - amulet of the acrobat
Stlth   ++           G - +5 ring of evasion
HPRegen 1.17/turn    N - +6 ring of strength
MPRegen 0.00/turn

%: acrobat, infuse magic (-16 HP)
@: about to teleport, acrobatic, flying
A: sickness immunity, fire resistance 2, cold vulnerability 1, float, innate
caster, HP casting, extra vitality 1, dopey 1
a: Renounce Religion, Minor Destruction, Lesser Servant of Makhleb, Major
Destruction, Greater Servant of Makhleb


You were on level 3 of the Lair of Beasts.
You worshipped Makhleb.
Makhleb was extremely pleased with you.
You visited 3 branches of the dungeon, and saw 15 of its levels.

You collected 909 gold pieces.

Inventory:

Hand Weapons
 B - a +4 trident of draining (weapon)
Missiles
 h - 6 throwing nets
Armour
 a - a +0 robe
 t - a +0 troll leather armour (worn)
 u - a +2 pair of gloves (worn)
 x - a +0 helmet (worn)
 C - an orb of mayhem
 D - a +2 robe of willpower
 Q - a scarf of shadows
Magical Staves
 q - a staff of air
Jewellery
 c - a ring of wizardry
 l - an amulet of the acrobat (around neck)
 G - a +5 ring of evasion (left hand)
 K - a ring of protection from cold
 N - a +6 ring of strength (right hand)
Talismans
 m - a dragon-blood talisman
Wands
 n - a wand of iceblast (10)
 p - a wand of charming (17)
 F - a wand of flame (5)
 H - a wand of light (12)
Scrolls
 d - 2 scrolls of teleportation
 e - 4 scrolls of poison
 j - a scroll of enchant armour
 s - 2 scrolls of vulnerability
 w - 3 scrolls of brand weapon
 y - 2 scrolls of fog
 E - 2 scrolls of enchant weapon
 J - a scroll of immolation
 O - a scroll of blinking
Potions
 b - 9 potions of curing
 f - a potion of resistance
 g - a potion of magic
 i - 4 potions of haste
 k - a potion of invisibility
 o - 2 potions of might
 r - 2 potions of brilliance
 v - 2 potions of heal wounds
 z - 2 potions of cancellation
 A - a potion of ambrosia
 I - 2 potions of attraction
 L - a potion of mutation
 P - 2 potions of lignification


   Skills:
 * Level 12.4 Fighting
 - Level 4.0 Armour
 - Level 7.7 Dodging
 - Level 1.5 Stealth
 * Level 11.1 Spellcasting
 * Level 11.1 Conjurations
 * Level 11.1 Hexes
 * Level 11.1 Summonings
 * Level 11.1 Necromancy
 * Level 11.1 Translocations
 * Level 11.1 Fire Magic
 * Level 11.1 Ice Magic
 * Level 11.1 Air Magic
 * Level 11.1 Earth Magic
 * Level 11.1 Alchemy
 - Level 6.0 Invocations
 * Level 6.1 Shapeshifting


You knew the following spells:

 Your Spells              Type           Power      Damage    Failure   Level
a - Magic Dart            Conj           100%       1d8       1%          1
b - Searing Ray           Conj           100%       2d8       1%          2
c - Fulminant Prism       Conj/Alch      28%        3d14      1%          4
d - Iskenderun's Mystic   Conj/Tloc      57%        2d12      1%          4
e - Foxfire               Conj/Fire      100%       2x1d9     1%          1
f - Scorch                Fire           100%       2d9       1%          2
g - Call Imp              Summ           100%       N/A       1%          2
h - Petrify               Alch/Erth      57%        N/A       1%          4
i - Summon Mana Viper     Hex/Summ       57%        N/A       1%          5
j - Lee's Rapid Deconstr  Erth           28%        3d15*     1%          5
Your spell library was empty.

Dungeon Overview and Level Annotations

Branches:
Dungeon (11/15)            Temple (1/1) D:6            Lair (3/5) D:8
    Orc (0/2) D:9
  Swamp: Lair:2-3    Shoals: Lair:2-3     Snake: Lair:2-3    Spider: Lair:2-3

Altars:
Ashenzari
Cheibriados
Dithmenos
Elyvilon
Fedhas
Gozag
Hepliaklqana
Makhleb
Nemelex Xobeh
Okawaru
Qazlal
Ru
Trog
Uskayaw
Wu Jian
Xom
Yredelemnul
Zin
The Shining One

Shops:
D:1 ?   D:3 *   D:8 [   D:11 =**

Annotations:
D:7 3 runed translucent doors, seu1023's ghost, novice OpBr
Lair:2 3 runed translucent doors, lilalause's ghost, journeyman HOMo
Lair:3 Nessos


Innate Abilities, Weirdness & Mutations

You are immune to sickness and miasma.
You are immune to poison.
Your flesh is very heat resistant. (rF++)
You are vulnerable to cold. (rC-)
You float through the air rather than walking.
You learn spells naturally, not from books.
Your magical power is your life essence.
You have superior vitality. (+4 MHP)
You are dopey. (Int -2)


Message History

Nessos falters for a moment.
Nessos shoots an arrow.
The arrow closely misses you. The water moccasin barely misses you.
As you read the scroll of teleportation, it crumbles to dust.
You feel strangely unstable.
Nessos shoots an arrow.
The arrow hits you!! The arrow burns you. The water moccasin misses you.
Nessos shoots an arrow.
The arrow misses you.
You hear an angry hiss.
Casting: Petrify (mildly dangerous; 1% risk of failure)
Confirm with . or Enter, or press ? or * to list all spells.
A tiny devil pulls itself out of the air.
Nessos's magic is no longer disrupted.
Nessos casts a spell.
Nessos blinks!
The water moccasin bites you.
A komodo dragon comes into view.
The water moccasin misses you.
Your surroundings suddenly seem different.
A molten gargoyle comes into view. It is wielding a +0 mace.
Found 12 gold pieces and a potion of haste.
Found a stone staircase leading down.
There is a stone staircase leading down here.
Nessos shoots an arrow.
The arrow misses you.
Nessos shoots an arrow.
The arrow completely misses you.
You see here a yak corpse.
Nessos shoots an arrow.
The arrow completely misses you.
Nessos shoots an arrow.
The arrow hits you!
As you read the scroll of teleportation, it crumbles to dust.
You feel strangely unstable.
Nessos shoots an arrow.
The arrow barely misses you.
Nessos shoots an arrow.
The arrow hits you!
* * * LOW HITPOINT WARNING * * *
The arrow burns you.
* * * LOW HITPOINT WARNING * * *
Nessos shoots an arrow.
The arrow hits you!
* * * LOW HITPOINT WARNING * * *
The arrow burns you.
* * * LOW HITPOINT WARNING * * *
Nessos shoots an arrow.
The arrow completely misses you.
Nessos casts a spell.
Nessos blinks!
Nessos shoots an arrow.
The arrow hits you!!
You die...

..................#≈#........≈
.................c#§≈........≈
..#....>..........§5l§........
.....................#P...##..
..≈≈≈≈≈................†......
..§#§#≈.......................
..≈≈≈≈§§......†.††...†........
....§§...............#...#....
##...........@##..............
#.....####....##.......§§.....
##...> #.....#.............#
#.... #.....#...§##........#
##.......#§§#.....<...
........#≈≈#........#
......:...≈≈§.........
.......P....#..........
..............


You could see Nessos (fast, ally target), a komodo dragon and a friendly
cerulean imp (summoned).

Vanquished Creatures
  A hydra (Lair:3)
  A boulder beetle (Lair:1)
  3 two-headed ogres
  4 komodo dragons
  Jeremiah (D:7)
  5 trolls
  5 blink frogs
  2 wyverns
  22 yaks
  A basilisk (Lair:1)
  4 water moccasins
  5 orc warriors
  2 ice beasts
  A black bear (D:5)
  5 ogres
  18 wolves
  3 centaurs
  A kobold brigand (D:9)
  5 bullfrogs
  3 gnoll sergeants
  2 scorpions
  18 killer bees
  2 howler monkeys
  An electric eel (D:8)
  A bullfrog zombie (D:7)
  2 lava snakes
  3 jellies
  A bombardier beetle (D:3)
  2 gnoll boudas
  A hound (D:6)
  6 orc priests
  Ijyb (D:3)
  2 sleepcaps (D:8)
  11 orc wizards
  A killer bee zombie (D:7)
  6 adders
  26 gnolls
  A river rat (D:8)
  2 shadow imps
  2 white imps
  8 ufetubi
  7 dart slugs
  2 ribbon worms
  50 orcs
  9 endoplasms
  7 goblins
  7 hobgoblins
  4 jackals (D:2)
  A quokka (D:8)
  9 ball pythons
  6 bats
  4 frilled lizards
  6 kobolds
  8 rats
311 creatures vanquished.

Vanquished Creatures (collateral kills)
  Erica (Lair:2)
  A two-headed ogre (D:11)
  3 death yaks (D:8)
  A boulder beetle (Lair:2)
  A cyclops (D:11)
  3 cane toads
  A rime drake (Lair:2)
  A gargoyle (D:11)
  A polar bear (Lair:1)
  3 blink frogs (Lair:1)
  8 yaks
  2 basilisks
  5 water moccasins
  2 acid dragons (D:11)
  Duvessa (D:7)
  A black bear (D:6)
  3 centaurs
  A wolf (Lair:1)
  A kobold brigand (D:8)
  2 bullfrogs (Lair:1)
  Dowan (D:6)
  A killer bee (D:8)
  3 howler monkeys (D:10)
  2 orc priests
  3 orc wizards
  A gnoll (D:5)
  An orc (D:11)
  An endoplasm (D:3)
  A kobold (D:8)
  4 foxfires
60 creatures vanquished.

Vanquished Creatures (others)
  411 foxfires
  12 fulminant prisms
423 creatures vanquished.

Grand Total: 794 creatures vanquished

Notes
Turn   | Place    | Note
-------+----------+-------------------------------------------
     0 | D:1      | Amaterasu the Djinni Conjurer began the quest for the Orb.
     0 | D:1      | Amaterasu set off with the following spells memorised:
                  | Magic Dart, Searing Ray, Fulminant Prism, Iskenderun's
                  | Mystic Blast.
     0 | D:1      | Reached XP level 1. HP: 15/15 MP: 0/0
    11 | D:1      | Found Gonob's Magic Scroll Shoppe.
    98 | D:1      | Reached XP level 2. HP: 10/22 MP: 0/0
   101 | D:1      | Reached skill level 1 in Fighting
   426 | D:1      | Reached XP level 3. HP: 23/27 MP: 0/0
   426 | D:1      | Learned a level 1 spell: Foxfire
   898 | D:2      | Reached skill level 2 in Fighting
  1037 | D:2      | Reached XP level 4. HP: 30/33 MP: 0/0
  1570 | D:2      | Reached XP level 5. HP: 30/39 MP: 0/0
  1570 | D:2      | Learned a level 2 spell: Scorch
  1764 | D:2      | Found a faded altar of an unknown god.
  1982 | D:3      | Reached skill level 3 in Fighting
  2005 | D:3      | Noticed Ijyb
  2072 | D:3      | Reached XP level 6. HP: 43/46 MP: 0/0
  2193 | D:3      | Found Zin's Purification Station.
  2196 | D:3      | Found a glowing silver altar of Zin.
  2256 | D:3      | You are sucked into a shaft and drop 3 floors!
  2263 | D:5      | Entered Level 5 of the Dungeon
  2266 | D:5      | Noticed an ogre
  2276 | D:5      | Reached skill level 5 in Spellcasting
  2276 | D:5      | Reached skill level 5 in Conjurations
  2276 | D:5      | Reached skill level 5 in Hexes
  2276 | D:5      | Reached skill level 5 in Summonings
  2276 | D:5      | Reached skill level 5 in Necromancy
  2276 | D:5      | Reached skill level 5 in Translocations
  2276 | D:5      | Reached skill level 5 in Fire Magic
  2276 | D:5      | Reached skill level 5 in Ice Magic
  2276 | D:5      | Reached skill level 5 in Air Magic
  2276 | D:5      | Reached skill level 5 in Earth Magic
  2276 | D:5      | Reached skill level 5 in Alchemy
  2416 | D:4      | Reached skill level 4 in Fighting
  2575 | D:3      | Killed Ijyb
  2576 | D:3      | Reached XP level 7. HP: 40/52 MP: 0/0
  2576 | D:3      | Learned a level 2 spell: Call Imp
  2817 | D:3      | Found a shadowy altar of Dithmenos.
  3053 | D:3      | Gained mutation: You are dopey. (Int -2) [potion of
                  | mutation]
  3632 | D:4      | Identified the +7 orcbow of Ascent {antimagic, rF+}
  3996 | D:4      | Found a blossoming altar of Fedhas.
  4248 | D:5      | Found an ornate altar of the Wu Jian Council.
  4265 | D:5      | Reached skill level 5 in Fighting
  4359 | D:5      | Noticed a water moccasin
  4367 | D:5      | Killed a water moccasin
  4368 | D:5      | Reached XP level 8. HP: 38/59 MP: 0/0
  4693 | D:5      | Reached skill level 6 in Fighting
  5287 | D:6      | Found a snail-covered altar of Cheibriados.
  5312 | D:6      | Found a sparkling altar of Nemelex Xobeh.
  5569 | D:6      | Reached XP level 9. HP: 49/67 MP: 0/0
  5569 | D:6      | Learned a level 4 spell: Petrify
  5952 | D:6      | Found a staircase to the Ecumenical Temple.
  5956 | Temple   | Entered the Ecumenical Temple
  5974 | Temple   | Became a worshipper of Makhleb the Destroyer
  6043 | D:7      | Reached skill level 7 in Fighting
  6043 | D:7      | Reached skill level 1 in Invocations
  6227 | D:7      | Noticed Duvessa
  6338 | D:7      | Noticed Dowan
  6339 | D:7      | Killed Duvessa
  6342 | D:7      | Noticed Jeremiah
  6348 | D:6      | Killed Dowan
  6806 | D:7      | Killed Jeremiah
  6924 | D:7      | Found a hide-covered altar of Uskayaw.
  7023 | D:7      | Found a runed translucent gate.
  7023 | D:7      | Found a runed translucent gate.
  7023 | D:7      | Found a runed translucent gate.
  7023 | D:7      | Noticed seu1023's ghost (novice OpBr)
  7025 | D:7      | Found a basalt altar of Yredelemnul.
  7050 | D:7      | Reached * piety under Makhleb
  7467 | D:8      | Reached XP level 10. HP: 71/76 MP: 0/0
  7585 | D:8      | Found a staircase to the Lair.
  7585 | D:8      | Noticed a death yak
  7585 | D:8      | Noticed a death yak
  7641 | D:8      | Reached skill level 5 in Dodging
  7644 | D:8      | Reached skill level 8 in Fighting
  7739 | D:8      | Found Hoore's Armour Shop.
  7742 | D:8      | Noticed a two-headed ogre
  7756 | D:8      | Noticed a death yak
  7764 | D:8      | Killed a two-headed ogre
  8090 | D:9      | Found a staircase to the Orcish Mines.
  8105 | D:9      | Reached ** piety under Makhleb
  8230 | D:9      | Reached skill level 5 in Invocations
  8519 | D:9      | Reached skill level 1 in Armour
  8681 | D:9      | Reached XP level 11. HP: 79/82 MP: 0/0
  8681 | D:9      | Learned a level 5 spell: Summon Mana Viper
  8785 | D:9      | Reached skill level 9 in Fighting
  9001 | D:8      | Killed a death yak
  9014 | D:8      | Killed a death yak
  9024 | D:8      | Killed a death yak
  9590 | D:8      | Found a hazy altar of Hepliaklqana.
  9955 | D:10     | Entered Level 10 of the Dungeon
 10126 | D:10     | Reached *** piety under Makhleb
 10227 | D:10     | Found a stormy altar of Qazlal.
 10412 | D:10     | Found a bloodstained altar of Trog.
 10570 | D:10     | Reached skill level 10 in Fighting
 10694 | D:10     | Found a glowing golden altar of the Shining One.
 10810 | D:11     | Found Mofretax's Jewellery Shop.
 10875 | D:11     | Reached skill level 1 in Shapeshifting
 11036 | D:11     | Noticed a two-headed ogre
 11045 | D:11     | Killed a two-headed ogre
 11046 | D:11     | Reached XP level 12. HP: 54/91 MP: 0/0
 11305 | D:11     | Noticed a two-headed ogre
 11318 | D:11     | Killed a two-headed ogre
 11365 | D:11     | Found Ufaoxog's Assorted Antiques.
 11408 | D:11     | Noticed a two-headed ogre
 11416 | D:11     | Killed a two-headed ogre
 11442 | D:11     | Found Viffaj's Assorted Antiques.
 11762 | Lair:1   | Entered Level 1 of the Lair of Beasts
 11845 | Lair:1   | Reached skill level 10 in Spellcasting
 11845 | Lair:1   | Reached skill level 10 in Conjurations
 11845 | Lair:1   | Reached skill level 10 in Hexes
 11845 | Lair:1   | Reached skill level 10 in Summonings
 11845 | Lair:1   | Reached skill level 10 in Necromancy
 11845 | Lair:1   | Reached skill level 10 in Translocations
 11845 | Lair:1   | Reached skill level 10 in Fire Magic
 11845 | Lair:1   | Reached skill level 10 in Ice Magic
 11845 | Lair:1   | Reached skill level 10 in Air Magic
 11845 | Lair:1   | Reached skill level 10 in Earth Magic
 11845 | Lair:1   | Reached skill level 10 in Alchemy
 11881 | Lair:1   | Reached skill level 11 in Fighting
 11948 | Lair:1   | Reached **** piety under Makhleb
 12405 | Lair:1   | Reached XP level 13. HP: 99/99 MP: 0/0
 12405 | Lair:1   | Learned a level 5 spell: Lee's Rapid Deconstruction
 12824 | Lair:2   | Reached skill level 5 in Shapeshifting
 12848 | Lair:2   | Noticed Erica
 13062 | Lair:2   | Found a hide-covered altar of Uskayaw.
 13062 | Lair:2   | Found an ornate altar of the Wu Jian Council.
 13106 | Lair:2   | Reached skill level 12 in Fighting
 13113 | Lair:2   | Found a runed translucent gate.
 13113 | Lair:2   | Found a runed translucent gate.
 13114 | Lair:2   | Found a runed translucent gate.
 13117 | Lair:2   | Noticed an ice dragon
 13136 | Lair:2   | Noticed lilalause's ghost (journeyman HOMo)
 13221 | Lair:2   | Killed Erica
 13764 | Lair:3   | Noticed a four-headed hydra
 13767 | Lair:3   | Reached ***** piety under Makhleb
 13783 | Lair:3   | Killed a four-headed hydra
 13799 | Lair:3   | Noticed Nessos
 13827 | Lair:3   | Shot with an arrow by Nessos

Illustrated notes

Levels and vault maps discovered:
D:1:      lightli_arrival_statue_moat, layout_basic, serial_shops, shop,
          serial_bayou_lagoon_a
D:2:      layout_basic, shapermc_ecumenical_altar_mp_vishouse, serial_curves,
          eino_curves_03, eino_curves_01, eino_curves_03, eino_curves_04,
          item_on_display_a
D:3:      layout_loops_ring, zin_purify, mainiacjoe_overflow_alcove_4,
          minmay_bisected, uniq_ijyb
D:4:      layout_basic, fedhas_altar_fruit_tree, roderic_lattice_a
D:5:      layout_loops_ring, mainiacjoe_overflow_small_starburst
D:6:      layout_basic, mainiacjoe_overflow_catwalk, cheibriados_altar_1,
          temple_hall_moat, nicolae_grassy_gnolls
D:7:      layout_rooms, nicolae_overflow_crystal_walls,
          nicolae_yredelemnul_ghost_church, nicolae_zen_rock_garden,
          uniq_jeremiah, uniq_duvessa
D:8:      layout_loops_ring, nzn_hepliaklqana_mist_gate, dpeg_lair_monsters,
          serial_shops, shop, serial_co_window_serial, co_window_paths_a,
          co_window_paths_a, co_window_corner_a, co_window_paths_a,
          co_window_of_opportunity_a, co_window_2corner, co_window_paths_c,
          co_window_broadway_c, co_window_broadway_b, co_window_paths_c,
          co_window_corner_cb, co_window_unsneaky_path_c, glass_columns_c,
          glass_columns_b, glass_columns_a, glass_columns_b,
          nicolae_lava_and_water, grunt_decor_cap
D:9:      layout_roguey, kennysheep_orc_monster_closet_entryway
D:10:     layout_roguey [special_room_orc], nicolae_overflow_hidden_temple,
          lemuel_doored_altar, amethyst_overflow_temple_binary,
          grunt_temple_overflow_open
D:11:     layout_stronghold, serial_shops, nicolae_shop_getting_attention, shop,
          nicolae_shop_stone
Temple:   hellmonk_temple_of_storms
Lair:1:   layout_loops_ring, grunt_megastairs_5
Lair:2:   layout_roguey, gammafunk_ghost_icy, nzn_masters_of_martial_movement,
          uniq_erica
Lair:3:   layout_gridlike, mainiacjoe_shoals_entry_four_pools,
          hellmonk_spider_entry_life_and_decay, uniq_nessos

Skill      XL: |  1  2  3  4  5  6  7  8  9 10 11 12 13 |
---------------+----------------------------------------+-----
Fighting       | 1 2 3 4 5 6 7 8 10 11 12 | 12.4
Spellcasting   | 4 5 6 7 8 9 10 11 | 11.1
Conjurations   | 4 5 6 7 8 9 10 11 | 11.1
Hexes          | 4 5 6 7 8 9 10 11 | 11.1
Summonings     | 4 5 6 7 8 9 10 11 | 11.1
Necromancy     | 4 5 6 7 8 9 10 11 | 11.1
Translocations | 4 5 6 7 8 9 10 11 | 11.1
Fire Magic     | 4 5 6 7 8 9 10 11 | 11.1
Ice Magic      | 4 5 6 7 8 9 10 11 | 11.1
Air Magic      | 4 5 6 7 8 9 10 11 | 11.1
Earth Magic    | 4 5 6 7 8 9 10 11 | 11.1
Alchemy        | 4 5 6 7 8 9 10 11 | 11.1
Dodging        | 4 6 7 |  7.7
Invocations    | 3 5 6 |  6.0
Armour         | 1 4 |  4.0
Shapeshifting  | 1 4 6 |  6.1
Stealth        | |  1.5

Action                     |  1- 3 |  4- 6 |  7- 9 | 10-12 | 13-15 || total
---------------------------+-------+-------+-------+-------+-------++-------
  Melee: Trident           |       |       |    24 |    14 |     3 ||    41
         Short sword       |       |       |     4 |       |       ||     4
         Punch             |       |       |       |     1 |       ||     1
   Cast: Magic Dart        |    69 |    70 |   103 |    18 |     4 ||   264
         Foxfire           |       |    33 |    62 |   108 |    40 ||   243
         Searing Ray       |       |     5 |    11 |    47 |    11 ||    74
         Scorch            |       |     2 |    29 |     8 |    13 ||    52
         Call Imp          |       |       |    25 |    24 |    14 ||    63
         Fulminant Prism   |       |       |     8 |     4 |       ||    12
         Iskenderun's Myst |       |       |     1 |    40 |     8 ||    49
         Summon Mana Viper |       |       |       |    29 |    14 ||    43
         Petrify           |       |       |       |       |     4 ||     4
         Lee's Rapid Decon |       |       |       |       |     3 ||     3
    Use: Scroll            |     4 |     4 |     9 |     9 |     2 ||    28
         Potion            |       |       |     1 |       |       ||     1
 Armour: Robe              |     3 |     5 |    79 |    17 |       ||   104
         Troll leather arm |       |       |       |   109 |    34 ||   143
  Dodge: Dodged            |     6 |    10 |    76 |   160 |    70 ||   322
